 Dungeon Crawl Stone Soup version 0.31-a0-984-gbfb7dba898 (webtiles) character file.

Game seed: 9172828761014915178

1036 Malachi the Ruffian (level 8, -3/51 HPs)
             Began as an Octopode Shapeshifter on Nov 3, 2023.
             Was a Priest of Okawaru.
             Splashed by a jelly's acid (5 damage)
             ... on level 5 of the Dungeon.
             The game lasted 00:05:18 (5142 turns).

Malachi the Ruffian (Octopode Shapeshifter)         Turns: 5142, Time: 00:05:18

Health: -3/51      AC: -15   Str: 15    XL:     8   Next: 24%
Magic:  7/7        EV: 13    Int: 12    God:    Okawaru [***...]
Gold:   214        SH:  5    Dex: 12    Spells: 7/7 levels left

rFire   . .          .
                       - Unarmed
rCold   . . .        d - orb {*Rage}
rNeg    + . .        (helmet currently unavailable)
rPois   .            l - amulet of reflection
rElec   .            f - ring of positive energy
rCorr   .            (no ring)
SInv    .            (no ring)
Will    .....        (no ring)
Stlth   ++           (no ring)
HPRegen 0.28/turn    (no ring)
MPRegen 0.10/turn    (no ring)
                     (no ring)

%: random rage (20%), reflection
@: beast-form, corroded
A: beast (slay +3), almost no armour, amphibious, 8 rings, camouflage 1,
gelatinous body 1, (nimble swimmer 1), tentacles, low MP 1
a: Begin Untransformation, Renounce Religion, Heroism


You were on level 5 of the Dungeon.
You worshipped Okawaru.
Okawaru was most pleased with you.
You were a hulking beast.
You visited 1 branch of the dungeon, and saw 5 of its levels.

You collected 214 gold pieces.

Inventory:

Hand Weapons
 u - a +4 rapier of venom
Armour
 d - an orb of wrath (worn)
 g - a +2 kite shield
Jewellery
 f - a ring of positive energy (left tentacle)
 l - an amulet of reflection (around mantle)
 s - an amulet of faith
Talismans
 b - a beast talisman
 c - a flux talisman
 t - a talisman of death
Wands
 v - a wand of polymorph (12)
Scrolls
 h - a scroll of teleportation {unknown}
 k - a scroll of fog {unknown}
 m - a scroll of noise {unknown}
 o - 3 scrolls of blinking {unknown}
 p - 3 scrolls of identify {unknown}
 w - a scroll of revelation {unknown}
Potions
 a - a potion of lignification
 e - a potion of might {unknown}
 i - 2 potions of mutation
 j - 4 potions of curing {unknown}
 n - a potion of degeneration {unknown}
 q - 2 potions of heal wounds {unknown}
 r - a potion of enlightenment {unknown}
 x - a potion of haste {unknown}


   Skills:
 + Level 2.6 Fighting
 - Level 2.0 Dodging
 + Level 7.0 Unarmed Combat
 + Level 6.5 Shapeshifting


You had 7 spell levels left.
You didn't know any spells.
Your spell library contained the following spells:

 Spells                   Type           Power      Damage    Failure   Level
 Freeze                   Ice            0%         1d3       32%         1
 Ensorcelled Hibernation  Hex/Ice        0%         N/A       45%         2
 Jinxbite                 Hex            0%         N/A       45%         2
 Frozen Ramparts          Ice            0%         1d1       69%         3
 Hailstorm                Conj/Ice       0%         3d3       69%         3
 Anguish                  Hex/Necr       0%         N/A       97%         4


Dungeon Overview and Level Annotations

Branches:
Dungeon (5/15)             Temple (0/1) D:4

Altars:
Ashenzari
Fedhas
Makhleb
Okawaru


Innate Abilities, Weirdness & Mutations

You are a hulking beast.
Your limbs bulge with bestial killing power. (Slay +3)
You cannot wear most types of armour.
You are amphibious.
You can wear up to eight rings at the same time.
Your skin changes colour to match your surroundings (Stealth+).
Your rubbery body absorbs attacks. (AC +1, EV +1)
((You are camouflaged when in or above water. (Stealth+)))
You have tentacles for arms and can constrict up to eight enemies at once.
Your magical capacity is low. (-10% MP)


Message History

You see here 2 gold pieces.
You tentacle-slap the jelly. The acid corrodes you!
Your tentacles burn!
You squeeze the jelly.
The jelly is lightly wounded.
You tentacle-slap the jelly but do no damage.
Your tentacles burn!
The jelly is lightly wounded.
The jelly hits you.
You are splashed with acid!
You tentacle-slap the jelly. The acid corrodes you!
Your tentacles burn!
The jelly is lightly wounded.
The jelly barely misses you.
You tentacle-slap the jelly but do no damage.
The acid corrodes you!
Your tentacles burn!
You squeeze the jelly!
The jelly is moderately wounded.
The jelly hits you.
You are splashed with acid!
You are too injured to fight recklessly!
You are too injured to fight recklessly!
You are too injured to fight recklessly!
You tentacle-slap the jelly. The acid corrodes you!
Your tentacles burn!
You tentacle-slap the jelly, but do no damage.
You squeeze the jelly.
The jelly is heavily wounded.
The jelly hits you.
You are splashed with acid!
* * * LOW HITPOINT WARNING * * *
You tentacle-slap the jelly but do no damage.
The acid corrodes you!
Your tentacles burn!
* * * LOW HITPOINT WARNING * * *
The jelly is heavily wounded.
You recover from your berserk rage.
You block the jelly's attack.
It was a potion of mutation.
You feel extremely strange.
You feel less energetic. The jelly barely misses you.
Okay, then.
You tentacle-slap the jelly.
Your tentacles burn!
* * * LOW HITPOINT WARNING * * *
The jelly is severely wounded.
The jelly misses you.
You tentacle-slap the jelly. The acid corrodes you!
Your tentacles burn!
You die...

####### ##########.....######
.#.......#.....#.....
.#.......†.........!.
.##..#####†....#...:
.##..##..#.....# .
.........#.....#
.........#.....#########
###..##..#......hJ......
.##..##..#.............% .......
.#..............
.#......................
.##..##..#.....#+###.### .##..#
..#.....#..# ...
..#..#####.....#..###############
..#......#.....#....8.♣.♣.♣.8.♣.♣
.....#...#.....#.................


You could see a jelly.

Vanquished Creatures
  The ghost of kskgo the Trooper, an amateur DsBe of Trog (D:4)
  Eustachio (D:4)
  A black bear (D:5)
  A phantom (D:5)
  2 scorpions (D:5)
  2 jellies (D:5)
  A hound (D:4)
  A bullfrog skeleton (D:4)
  A sleepcap (D:3)
  An iguana (D:5)
  4 orc wizards
  A howler monkey zombie (D:4)
  3 adders
  A white imp (D:3)
  A worm (D:3)
  9 orcs
  7 ball pythons
  8 endoplasms
  4 giant cockroaches
  5 goblins
  6 hobgoblins
  6 jackals
  2 quokkas
  3 bats
  3 frilled lizards
  7 kobolds
  3 rats
85 creatures vanquished.

Notes
Turn   | Place    | Note
-------+----------+-------------------------------------------
     0 | D:1      | Malachi the Octopode Shapeshifter began the quest for the
                  | Orb.
     0 | D:1      | Reached XP level 1. HP: 13/13 MP: 1/1
   633 | D:1      | Reached XP level 2. HP: 18/18 MP: 2/2
   998 | D:2      | Reached XP level 3. HP: 23/23 MP: 3/3
  1787 | D:3      | Reached skill level 4 in Unarmed Combat
  1787 | D:3      | Reached XP level 4. HP: 21/28 MP: 4/4
  2226 | D:3      | Reached XP level 5. HP: 33/33 MP: 5/5
  3033 | D:3      | Found a faded altar of an unknown god.
  3186 | D:3      | Prayed at the altar of an unknown god.
  3186 | D:3      | Became a worshipper of Warmaster Okawaru
  3186 | D:3      | Reached * piety under Okawaru
  3205 | D:4      | Noticed Eustachio
  3225 | D:4      | Killed Eustachio
  3225 | D:4      | Reached ** piety under Okawaru
  3226 | D:4      | Reached skill level 5 in Unarmed Combat
  3226 | D:4      | Reached skill level 5 in Shapeshifting
  3226 | D:4      | Reached XP level 6. HP: 29/38 MP: 6/6
  3468 | D:4      | Found a runed translucent gate.
  3469 | D:4      | Found a runed translucent gate.
  3470 | D:4      | Found a runed translucent gate.
  3473 | D:4      | Noticed kskgo's ghost (amateur DsBe)
  3506 | D:4      | Found a broken altar of Ashenzari.
  3560 | D:4      | Killed kskgo's ghost
  3561 | D:4      | Reached skill level 6 in Unarmed Combat
  3561 | D:4      | Reached XP level 7. HP: 36/43 MP: 7/7
  3565 | D:4      | Reached *** piety under Okawaru
  3570 | D:4      | Identified the +1 robe "Rupom" {Dex+4}
  3915 | D:4      | Found a blossoming altar of Fedhas.
  3937 | D:4      | Found a burning altar of Makhleb.
  3987 | D:4      | Found a staircase to the Ecumenical Temple.
  4258 | D:5      | Entered Level 5 of the Dungeon
  4584 | D:5      | Reached XP level 8. HP: 20/50 MP: 8/8
  5091 | D:5      | Reached skill level 7 in Unarmed Combat
  5140 | D:5      | Gained mutation: Your magical capacity is low. (-10% MP)
                  | [potion of mutation]
  5141 | D:5      | HP: 1/51 [acid (3)]
  5142 | D:5      | Splashed by a jelly's acid

Illustrated notes

Levels and vault maps discovered:
D:1:      lemuel_arrival_cross, layout_basic
D:2:      layout_loops_ring, serial_forest, infiniplex_forest_diagonal,
          infiniplex_forest_diagonal, infiniplex_forest_straight_2,
          infiniplex_forest_lined_room_3, infiniplex_forest_clump_medium,
          infiniplex_forest_lined_1
D:3:      wad_pebble_path, layout_basic, basic_ecumenical_altar, serial_forest,
          infiniplex_forest_lined_room_2, infiniplex_forest_clump_medium,
          infiniplex_forest_clump_long, infiniplex_forest_clump_cross,
          infiniplex_forest_corner_2, infiniplex_forest_end_2,
          infiniplex_forest_lined_3_way, infiniplex_forest_corner_1,
          minmay_misc_feat_alley
D:4:      layout_loops_cross, evilmike_ruin_ashenzari,
          mainiacjoe_overflow_small_starburst,
          mainiacjoe_overflow_cross_hatched, temple_green,
          gammafunk_ghost_necromancy, kennysheep_another_room, uniq_eustachio
D:5:      layout_gridville, biasface_ghost_orc_armoury, grunt_decor_one_mirror,
          chequers_avenue

Skill      XL: |  1  2  3  4  5  6  7  8 |
---------------+-------------------------+-----
Unarmed Combat | 4 5 6 7 |  7.0
Shapeshifting  | 4 5 6 |  6.5
Fighting       | 2 |  2.6
Dodging        | |  2.0

Action                     |  1- 3 |  4- 6 |  7- 9 || total
---------------------------+-------+-------+-------++-------
  Melee: Unarmed           |    50 |    77 |    56 ||   183
         Constrict         |    12 |    19 |    10 ||    41
         Punch             |     3 |     1 |     5 ||     9
         Tentacles         |     8 |    12 |     8 ||    28
    Use: Potion            |       |       |     1 ||     1
   Stab: Sleeping          |    13 |     2 |     1 ||    16
 Armour: Skin              |    14 |    27 |    31 ||    72
  Dodge: Dodged            |    11 |    27 |    16 ||    54
  Block: Orb               |     4 |    15 |     4 ||    23
         Reflection        |     1 |       |       ||     1

Table legend: (Time is in decaauts)
 A = Elapsed time spent in this place.
 B = Non-inter-level travel time spent in this place.
 C = Inter-level travel time spent in this place.
 D = Time resting spent in this place.
 E = Time spent auto-exploring this place.
 F = Levels seen in this place.
 G = Mean time per level.
                   A        B        C        D        E       F      G
               +--------+--------+--------+--------+--------+-----+--------+
         Total |   5356 |   5150 |    206 |   1668 |   2797 |   5 | 1071.2 |
       Dungeon |   5356 |   5150 |    206 |   1668 |   2797 |   5 | 1071.2 |
               +--------+--------+--------+--------+--------+-----+--------+

Top non-repeatable levels by time:
     D:3: 1667 daAuts
     D:4: 1027 daAuts
     D:5: 926 daAuts
     D:1: 921 daAuts
     D:2: 813 daAuts
